 Dungeon Crawl Stone Soup version 0.16-a0-2622-gbfab2ba (webtiles) character file.

37100 Ratboiler the Cruncher (level 14, -4/91 HPs)
             Began as a Human Necromancer on Nov 22, 2014.
             Was the Champion of Kikubaaqudgha.
             Killed by drain life
             ... invoked by a soul eater
             ... summoned by an orc high priest
              (18 damage)
             ... on level 4 of the Orcish Mines.
             The game lasted 01:49:22 (28759 turns).

Ratboiler the Cruncher (Human Necromancer)         Turns: 28759, Time: 01:49:22

Health: -4/91      AC: 18    Str:  9    XL:     14   Next: 27%
Magic:  22/26      EV: 11    Int: 16    God:    Kikubaaqudgha [******]
Gold:   658        SH:  0    Dex: 18    Spells: 7 memorised, 2 levels left

rFire  + . .     SeeInvis .     a - +6 lajatang (distort)
rCold  . . .     Clarity  .     B - +4 ring mail {rF+}
rNeg   . . .     SustAb   .     (no shield)
rPois  +         Gourm    .     T - +0 helmet
rElec  .         Spirit   .     (no cloak)
rCorr  .         Warding  .     A - +0 pair of gloves
rMut   .         Stasis   .     h - +0 pair of boots
MR     +....                    M - amulet of rage
Stlth  ++........               E - +5 ring of protection
                                d - ring of poison resistance

@: somewhat resistant to hostile enchantments, unstealthy
A: no striking features
a: Receive Corpses, Torment, Renounce Religion, Evoke Berserk Rage


You were on level 4 of the Orcish Mines.
You worshipped Kikubaaqudgha.
Kikubaaqudgha was exalted by your worship.
You were near starving.

You visited 4 branches of the dungeon, and saw 23 of its levels.
You also visited: Volcano.

You collected 1342 gold pieces.
You spent 684 gold pieces at shops.

Inventory:

Hand weapons
 a - a +6 lajatang of distortion (weapon)
 w - a +1 trident of pain
Missiles
 i - 113 stones (quivered)
Armour
 h - a +0 pair of boots (worn)
 A - a +0 pair of gloves (worn)
 B - a +4 ring mail of fire resistance (worn)
 I - a +0 buckler
 J - the +2 robe of Winter {rC+ rN+ MR++}
   (You bought it in a shop on level 5 of the Dungeon)

   It protects you from cold.
   It protects you from negative energy.
   It affects your resistance to hostile enchantments.
 T - a +0 helmet (worn)
Jewellery
 b - an uncursed ring of wizardry
 d - a ring of poison resistance (left hand)
 r - an uncursed ring of ice
 E - a +5 ring of protection (right hand)
 G - an uncursed ring of protection from magic
 M - an amulet of rage (around neck)
 P - an uncursed ring of sustain abilities
Magical devices
 n - a wand of hasting (6)
 p - a wand of fire (1)
 s - a wand of frost (28)
 x - a wand of flame (9)
 z - a wand of cold (2)
 H - a wand of fire (8)
 N - a wand of frost (26)
 R - a wand of digging (17)
 S - a wand of cold (0)
 V - a wand of frost (2)
 X - a wand of lightning (2)
 Y - a wand of lightning (7)
Scrolls
 e - a scroll of fog
 f - a scroll of blinking
 g - 3 scrolls of amnesia
 k - a scroll of enchant armour
 v - 7 scrolls of teleportation
 y - 9 scrolls of remove curse
 L - 2 scrolls of recharging
 Q - a scroll of immolation
Potions
 c - a potion of heal wounds
 l - 5 potions of might
 o - 4 potions of restore abilities
 t - 2 potions of cancellation
 u - 3 potions of curing
 C - 5 potions of brilliance
 D - a potion of lignification
 O - 3 potions of invisibility
Books
 m - Kikubaaqudgha's Tome of Dark Secrets
   (Kikubaaqudgha gifted it to you on level 9 of the Dungeon)

   Spells                             Type                      Level
   Excruciating Wounds                Charms/Necromancy            5
   Bolt of Draining                   Conjuration/Necromancy       5
   Agony                              Necromancy                   5
   Dispel Undead                      Necromancy                   5
   *Twisted Resurrection              Necromancy                   5
 q - a book of Necromancy

   Spells                             Type                      Level
   *Pain                              Necromancy                   1
   *Animate Skeleton                  Necromancy                   1
   *Vampiric Draining                 Necromancy                   3
   *Regeneration                      Charms/Necromancy            3
   *Animate Dead                      Necromancy                   4
   *Control Undead                    Necromancy                   4
 F - Kikubaaqudgha's Reference Book on Darkness
   (Kikubaaqudgha gifted it to you on level 6 of the Dungeon)

   Spells                             Type                      Level
   *Pain                              Necromancy                   1
   Corpse Rot                         Necromancy                   2
   Sublimation of Blood               Necromancy                   2
   *Vampiric Draining                 Necromancy                   3
   *Control Undead                    Necromancy                   4
 U - a book of Summonings

   Spells                             Type                      Level
   Abjuration                         Summoning                    3
   Recall                             Summoning/Translocation      3
   Shadow Creatures                   Summoning                    5
   Summon Demon                       Summoning                    5
   Summon Forest                      Summoning/Translocation      5
   Monstrous Menagerie                Summoning                    6
 W - a book of Debilitation

   Spells                             Type                      Level
   Corona                             Hexes                        1
   Slow                               Hexes                        2
   Inner Flame                        Hexes/Fire                   3
   Enslavement                        Hexes                        4
   Cause Fear                         Hexes                        4
   Leda's Liquefaction                Hexes/Earth                  4
Miscellaneous
 j - a phial of floods
Comestibles
 K - 5 bread rations


   Skills:
 + Level 2.6 Fighting
 - Level 12.0(13.9) Polearms
 - Level 12.1(14.0) Staves
 + Level 4.4 Armour
 * Level 6.8 Dodging
 - Level 2.0 Stealth
 - Level 5.0 Spellcasting
 - Level 11.4 Necromancy
 - Level 8.0 Evocations


You had 2 spell levels left.
You knew the following spells:

 Your Spells              Type           Power        Failure   Level  Hunger
a - Pain                  Necr           ####         1%          1    None
b - Animate Skeleton      Necr           N/A          1%          1    None
c - Vampiric Draining     Necr           #####.....   1%          3    ###....
d - Regeneration          Chrm/Necr      ###.......   10%         3    ###....
e - Animate Dead          Necr           N/A          2%          4    ####...
f - Control Undead        Necr           #####.....   2%          4    ####...
g - Twisted Resurrection  Necr           #####.....   10%         5    ######.


Dungeon Overview and Level Annotations

Branches:
Dungeon (11/15)            Temple (1/1) D:4            Lair (7/8) D:11
  Swamp (0/5) Lair:5       Spider (0/5) Lair:4        Slime (0/6) Lair:7
    Orc (4/4) D:10            Elf (0/3) Orc:3

Altars:
Ashenzari
Cheibriados
Dithmenos
Elyvilon
Fedhas
Gozag
Kikubaaqudgha
Makhleb
Nemelex Xobeh
Okawaru
Qazlal
Ru
Sif Muna
Trog
Vehumet
Xom
Yredelemnul
Zin
The Shining One
Jiyva

Shops:
D:5 }**   D:9 *   D:11 (   Orc:2 ?   Orc:4 (

Annotations:
D:4 Menkaure
Lair:3 Rupert; utis' ghost, powerful DEEE
Lair:6 exclusion: oklob plant


Message History

Your large abomination hits something.
Something hits your large abomination but does no damage.
Your large abomination hits something!!
Kikubaaqudgha accepts your kill.
You feel a bit more experienced.
The orc high priest utters an invocation to Beogh.
The hellwing disappears in a puff of smoke!
The orange demon disappears in a puff of smoke!
The soul eater draws from the surrounding life force!
The orc warrior goes into a battle-frenzy!
The soul eater draws from the surrounding life force!
* * * LOW HITPOINT WARNING * * *
The orc warlord roars a battlecry!
The orc warrior goes into a battle-frenzy!
The soul eater draws from the surrounding life force!
* * * LOW HITPOINT WARNING * * *
There is a stone staircase leading up here.
The soul eater draws from the surrounding life force!
You die...
Kikubaaqudgha rasps: "You have failed me!
Welcome... death!"

··· ▒▒·············▒
P··▒▒··(··········▒▒
··o)··(··········▒▒
·Z·X······▒·▒····▒▒▒▒▒▒▒▒
··········▒▒▒·······▒·▒·▒▒·
···········▒▒···············
·······$▒··▒·················
············o···········P···▒
·········o·o43··@·))········▒
···▒▒▒··3····Z·▒··)··········▒
··· ▒··▒···········)8········▒
··▒ ▒▒▒▒▒············∩·······▒
· ·······▒·P··PP·······▒▒
▒▒▒·····▒▒····P···P····
······▒▒▒······P····· ···▒▒···
▒············
▒▒··········P▒▒▒·


You could see an orc warlord, 2 soul eaters, an orc high priest (frenzied), a
rust devil, an orc warrior (frenzied) and Urug the orc zombie.

Vanquished Creatures
  Gastronok (D:11)
  3 hydras
  Fannar (D:11)
  Harold (Orc:2)
  A hill giant (D:11)
  A toenail golem (Volcano)
  2 black mambas
  7 spiny frogs
  A kobold demonologist (D:11)
  A jumping spider (Lair:4)
  2 fire drakes (Lair:6)
  4 komodo dragons
  2 polar bears (Lair:4)
  8 blink frogs
  A basilisk (Lair:6)
  A spriggan (Lair:4)
  Eustachio (Orc:2)
  5 hippogriffs
  4 wyverns (Lair:6)
  13 yaks
  3 humans (Volcano)
  3 hungry ghosts
  2 wargs
  14 wolves
  Edmund (D:9)
  9 water moccasins
  6 orc warriors
  6 ice beasts
  6 porcupines
  A hell hound (Lair:6)
  A phantom (D:7)
  3 black bears
  A sky beast (D:5)
  2 ogres
  4 crocodiles
  A boring beetle (Lair:7)
  11 giant frogs
  2 centaurs
  4 scorpions
  3 wights (D:6)
  Dowan (D:3)
  A centaur zombie (D:5)
  2 jellies
  2 crimson imps
  10 hounds
  13 orc priests
  A centaur skeleton (D:8)
  2 giant frog skeletons
  13 orc wizards
  5 worker ants
  4 iguanas
  3 sheep (Lair:7)
  Jessica (D:3)
  Terence (D:2)
  A worker ant zombie (D:9)
  11 gnolls
  16 adders
  12 river rats
  2 giant mites
  4 shadow imps
  3 worms
  An adder skeleton (D:4)
  An adder zombie (D:11)
  An iguana zombie (D:9)
  11 giant geckos
  4 oozes
  77 orcs
  16 bats
  A bat zombie (D:5)
  6 giant cockroaches
  13 goblins
  17 hobgoblins
  5 jackals
  2 ball pythons
  4 giant newts
  A giant newt skeleton (D:3)
  A jackal skeleton (D:4)
  17 kobolds
  An orc zombie (D:11)
  11 quokkas
  A quokka skeleton (D:8)
  8 rats
  2 fungi
452 creatures vanquished.

Vanquished Creatures (collateral kills)
  3 hydras
  Urug (Orc:4)
  Nergalle (Lair:1)
  2 hill giants
  3 orc sorcerers (Orc:4)
  An ugly thing (D:10)
  A spiny frog (Lair:2)
  Joseph (D:7)
  A hellwing (Orc:4)
  7 fire drakes
  12 blink frogs
  3 wyverns (Lair:6)
  A wraith (D:10)
  A basilisk (Lair:6)
  A deep elf mage (D:10)
  11 yaks
  6 wolves
  5 hippogriffs (Lair:6)
  A warg (D:10)
  A mottled dragon (D:10)
  A porcupine (Lair:6)
  6 orc warriors
  An ice beast (D:11)
  A black bear (D:6)
  A centaur (D:6)
  3 ogres
  A sky beast (D:6)
  2 crocodiles
  Duvessa (D:4)
  A giant frog (Lair:5)
  A scorpion (D:6)
  A giant frog skeleton (D:11)
  An iguana (D:5)
  6 orc priests
  2 hounds
  3 orc wizards
  A worker ant (D:6)
  3 sheep (Lair:7)
  8 river rats
  4 adders
  3 worms
  An adder zombie (D:9)
  A giant gecko (D:11)
  20 orcs
  A bat skeleton (D:5)
  A giant cockroach (D:1)
  A goblin (Orc:1)
  5 hobgoblins
  A kobold (D:5)
  3 quokkas
  A giant newt (D:2)
  A jackal (D:3)
  A jackal zombie (D:5)
  2 rats
153 creatures vanquished.

Vanquished Creatures (others)
  The ghost of Train the Frost Mage, an experienced DrIE of Makhleb (D:10)
  4 large abominations
  A centaur zombie (D:10)
  2 toenail golems (Volcano)
  A small abomination (Orc:1)
  A komodo dragon (Lair:7)
  A spiny frog (Lair:7)
  A hydra skeleton (Lair:6)
  An ugly thing skeleton (D:10)
  A wraith (D:11)
  A yak (Lair:1)
  2 hippogriffs (Lair:6)
  3 humans (Volcano)
  2 spiny frog zombies
  2 spiny frog skeletons (Lair:1)
  2 blink frog zombies (Lair:1)
  3 crocodiles
  A fire drake zombie (Lair:6)
  A fire drake skeleton (Lair:6)
  A komodo dragon skeleton (Lair:1)
  A wyvern skeleton (Lair:6)
  3 wyvern zombies (Lair:6)
  3 hippogriff zombies (Lair:6)
  4 water moccasin zombies
  A water moccasin skeleton (Lair:1)
  6 yak zombies
  3 yak skeletons
  2 wolf zombies (Lair:1)
  3 wolf skeletons
  A yellow wasp zombie (D:10)
  2 basilisk zombies (Lair:6)
  A black bear zombie (Lair:7)
  4 giant frog skeletons
  A black bear skeleton (D:6)
  2 human zombies
  A killer bee zombie (D:11)
  3 porcupine zombies
  3 crocodile zombies
  2 ogre zombies
  3 hound zombies
  An ogre skeleton (D:7)
  3 hound skeletons
  3 worker ant zombies
  An adder (Lair:5)
  2 scorpion zombies (D:6)
  2 elf skeletons
  3 adder skeletons
  4 adder zombies
  An iguana skeleton (D:4)
  6 orc zombies
  An orc (Orc:1)
  6 bat skeletons
  A bat zombie (D:10)
  A river rat zombie (Lair:1)
  A giant cockroach zombie (D:6)
  5 giant gecko skeletons
  A giant mite zombie (D:6)
  A giant newt zombie (D:11)
  3 gnoll skeletons (D:5)
  A gnoll zombie (D:9)
  5 goblin skeletons
  3 goblin zombies
  8 hobgoblin skeletons
  2 hobgoblin zombies (D:11)
  3 jackal skeletons
  4 kobold skeletons
  A kobold zombie (D:10)
  11 orc skeletons
  4 quokka skeletons
  2 quokka zombies
  2 rat skeletons
  A rat zombie (D:11)
  2 fungi (Lair:7)
  A plant (Lair:6)
177 creatures vanquished.

Grand Total: 782 creatures vanquished

Notes
Turn   | Place    | Note
--------------------------------------------------------------
     0 | D:1      | Ratboiler, the Human Necromancer, began the quest for the Orb.
     0 | D:1      | Reached XP level 1. HP: 13/13 MP: 3/3
   191 | D:1      | Reached XP level 2. HP: 14/19 MP: 0/5
   390 | D:1      | Learned a level 1 spell: Animate Skeleton
   838 | D:1      | Reached XP level 3. HP: 21/24 MP: 2/6
   910 | D:1      | Learned a level 3 spell: Vampiric Draining
  1811 | D:2      | Reached XP level 4. HP: 30/30 MP: 7/9
  1816 | D:2      | Learned a level 3 spell: Regeneration
  2288 | D:2      | Noticed Terence
  2297 | D:2      | Killed Terence
  2551 | D:2      | Reached XP level 5. HP: 35/35 MP: 11/11
  2652 | D:2      | Reached skill level 5 in Necromancy
  3616 | D:3      | Noticed Jessica
  3622 | D:3      | Killed Jessica
  3622 | D:3      | Reached XP level 6. HP: 39/41 MP: 11/15
  3721 | D:4      | Noticed Duvessa
  3721 | D:4      | Noticed Dowan
  4210 | D:4      | Reached skill level 6 in Necromancy
  4248 | D:4      | Learned a level 4 spell: Animate Dead
  4524 | D:4      | Killed Duvessa
  4524 | D:4      | Reached XP level 7. HP: 16/46 MP: 11/17
  4735 | D:3      | Killed Dowan
  5256 | D:4      | Reached skill level 7 in Necromancy
  5543 | D:4      | Found a staircase to the Ecumenical Temple.
  5549 | Temple   | Entered the Ecumenical Temple
  5712 | Temple   | Became a worshipper of Kikubaaqudgha
  5812 | D:4      | Noticed Menkaure
  5822 | D:4      | Your ally Duvessa died
  5942 | D:5      | Entered Level 5 of the Dungeon
  5948 | D:5      | Reached skill level 1 in Fighting
  6016 | D:5      | Found Hejye's Gadget Shop.
  6558 | D:5      | Found Kekhuh's Assorted Antiques.
  6618 | D:5      | Reached XP level 8. HP: 49/56 MP: 11/18
  6877 | D:5      | Found a bloodstained altar of Trog.
  6904 | D:5      | Found a deep blue altar of Sif Muna.
  7216 | D:5      | Found Curauz's Assorted Antiques.
  7275 | D:5      | Bought a blackened steel ring for 100 gold pieces
  7275 | D:5      | Bought a scroll of identify for 40 gold pieces
  7659 | D:5      | Found a radiant altar of Vehumet.
  7660 | D:5      | Found a sparkling altar of Nemelex Xobeh.
  7712 | D:6      | Reached skill level 5 in Polearms
  7976 | D:6      | Acquired Kikubaaqudgha's first power
  7976 | D:6      | Received a gift from Kikubaaqudgha
  7979 | D:6      | Identified Kikubaaqudgha's Reference Book on Darkness (Kikubaaqudgha gifted it to you on level 6 of the Dungeon)
  7986 | D:6      | Found a glowing silver altar of Zin.
  7986 | D:6      | Found a glowing golden altar of the Shining One.
  8024 | D:6      | Found a sparkling altar of Nemelex Xobeh.
  8523 | D:6      | Reached XP level 9. HP: 56/61 MP: 1/20
  8952 | D:6      | Reached skill level 8 in Polearms
  9251 | D:6      | Learned a level 4 spell: Control Undead
  9589 | D:6      | Reached skill level 9 in Polearms
 10037 | D:7      | Acquired Kikubaaqudgha's second power
 10616 | D:7      | Noticed Joseph
 10641 | D:7      | HP: 2/61 [Joseph/ sling bullet (9)]
 10645 | D:7      | Killed Joseph
 11218 | D:7      | Reached skill level 10 in Polearms
 11240 | D:7      | Your ally Joseph died
 11730 | D:7      | Found a deep blue altar of Sif Muna.
 12011 | D:7      | Found a shattered altar of Ashenzari.
 12105 | D:8      | Reached XP level 10. HP: 67/67 MP: 21/21
 12598 | D:8      | Reached skill level 11 in Polearms
 12835 | D:8      | Reached skill level 5 in Spellcasting
 13184 | D:9      | Noticed Edmund
 13201 | D:9      | Killed Edmund
 13213 | D:9      | Learned a level 1 spell: Freeze
 13909 | D:9      | Received a gift from Kikubaaqudgha
 13910 | D:9      | Identified Kikubaaqudgha's Tome of Dark Secrets (Kikubaaqudgha gifted it to you on level 9 of the Dungeon)
 13997 | D:9      | Found Qaiz's General Store.
 14002 | D:9      | Bought a +0 pair of boots for 72 gold pieces
 14301 | D:9      | Reached skill level 12 in Polearms
 14587 | D:10     | Entered Level 10 of the Dungeon
 14596 | D:10     | Reached skill level 1 in Staves
 14842 | D:10     | Noticed a hill giant
 15133 | D:10     | Noticed a hill giant
 15324 | D:10     | Noticed a green ugly thing
 15347 | D:10     | Killed a green ugly thing
 15571 | D:10     | Banished a hill giant
 15571 | D:10     | Reached skill level 5 in Staves
 15571 | D:10     | Reached XP level 11. HP: 68/72 MP: 19/23
 15598 | D:10     | Noticed Train's ghost (experienced DrIE)
 15611 | D:10     | Banished Train's ghost
 15791 | D:10     | Found a staircase to the Orcish Mines.
 16075 | D:10     | Killed a hill giant
 16513 | D:11     | Noticed Gastronok
 16605 | D:11     | Killed Gastronok
 16697 | D:11     | Noticed Fannar
 16730 | D:11     | Killed Fannar
 16876 | D:11     | Noticed a hill giant
 16888 | D:11     | Your ally Fannar died
 16901 | D:11     | HP: 3/72 [hill giant/giant club (11)]
 16950 | D:11     | Killed a hill giant
 17128 | D:11     | Reached skill level 10 in Staves
 17141 | D:11     | Found a staircase to the Lair.
 17178 | D:11     | Found Pnuas' Antique Weapon Boutique.
 17557 | D:11     | Noticed a hill giant
 17570 | D:11     | Killed a hill giant
 17603 | Lair:1   | Entered Level 1 of the Lair of Beasts
 17795 | Lair:1   | Reached XP level 12. HP: 67/78 MP: 24/24
 17976 | Lair:1   | Noticed a seven-headed hydra
 17997 | Lair:1   | Killed a seven-headed hydra
 18652 | Lair:1   | Noticed Nergalle
 18672 | Lair:1   | Killed Nergalle
 18672 | Lair:1   | Acquired Kikubaaqudgha's third power
 18740 | Lair:1   | Learned a level 5 spell: Twisted Resurrection
 20130 | Lair:3   | Noticed Rupert
 20545 | Lair:4   | Learned a level 5 spell: Agony
 20922 | Lair:4   | Reached skill level 10 in Necromancy
 21260 | Lair:4   | Reached XP level 13. HP: 71/83 MP: 25/25
 21456 | Lair:4   | Got an ominously black robe
 21467 | Lair:4   | Identified the +1 robe of Pyrchashu {Str+4 Int-4} (You found it on level 4 of the Lair of Beasts)
 21532 | Lair:4   | Found a hole to the Spider Nest.
 22489 | Lair:5   | Found a staircase to the Swamp.
 22787 | Lair:5   | Reached skill level 1 in Evocations
 23072 | Lair:6   | Learned a level 5 spell: Bolt of Draining
 23271 | Lair:6   | Reached skill level 5 in Evocations
 23340 | Lair:6   | Acquired Kikubaaqudgha's fourth power
 23381 | Lair:6   | Found a dark tunnel.
 23386 | Volcano  | Entered a volcano
 24016 | Lair:6   | Learned a level 5 spell: Twisted Resurrection
 24274 | Lair:6   | Reached skill level 1 in Armour
 24968 | Lair:7   | Found a staircase to the Slime Pits.
 24971 | Lair:7   | Found a viscous altar of Jiyva.
 25105 | Lair:7   | Found a basalt altar of Yredelemnul.
 25779 | Lair:7   | Reached skill level 5 in Dodging
 25779 | Lair:7   | Reached XP level 14. HP: 89/89 MP: 26/26
 26357 | Lair:3   | Noticed utis' ghost (powerful DEEE)
 26800 | D:9      | Bought an uncursed ring of poison resistance for 320 gold pieces
 26984 | D:5      | Bought a viscous brown potion for 18 gold pieces
 26984 | D:5      | Bought a silken robe for 114 gold pieces
 26984 | D:5      | Bought a scroll labeled TWIODUNANG for 20 gold pieces
 27002 | D:5      | Identified the +2 robe of Winter {rC+ rN+ MR++} (You bought it in a shop on level 5 of the Dungeon)
 27188 | Orc:1    | Entered Level 1 of the Orcish Mines
 27406 | Orc:2    | Noticed Harold
 27418 | Orc:2    | Killed Harold
 27443 | Orc:2    | Found Dat Egol's Magic Scroll Boutique.
 27750 | Orc:2    | Noticed Eustachio
 27755 | Orc:2    | Killed Eustachio
 28522 | Orc:3    | Found a staircase to the Elven Halls.
 28610 | Orc:4    | Entered Level 4 of the Orcish Mines
 28610 | Orc:4    | Found Grariali's Antique Weapon Shoppe.
 28729 | Orc:4    | Noticed Urug
 28741 | Orc:4    | Killed Urug
 28743 | Orc:4    | Paralysed by an orc sorcerer for 5 turns
 28746 | Orc:4    | Noticed an orc warlord
 28759 | Orc:4    | Killed from afar by a soul eater

Action                   |  1- 3 |  4- 6 |  7- 9 | 10-12 | 13-15 || total
-------------------------+-------+-------+-------+-------+-------++-------
Melee: Whip              |    45 |       |       |       |       ||    45
       Spear             |       |    20 |   344 |   135 |       ||   499
       Quarterstaff      |       |       |    17 |       |       ||    17
       Lajatang          |       |       |       |   319 |   359 ||   678
 Fire: Hunting sling     |     2 |   115 |    47 |    39 |       ||   203
       Blowgun           |       |       |       |    12 |       ||    12
 Cast: Pain              |    33 |    76 |    88 |    67 |    10 ||   274
       Animate Skeleton  |    13 |    21 |    27 |    41 |     9 ||   111
       Vampiric Draining |     1 |     8 |    70 |    50 |    42 ||   171
       Animate Dead      |       |     1 |    14 |    27 |    17 ||    59
       Control Undead    |       |       |     2 |     3 |       ||     5
       Freeze            |       |       |       |     3 |       ||     3
       Regeneration      |       |       |       |     3 |     3 ||     6
       Agony             |       |       |       |     3 |       ||     3
       Twisted Resurrect |       |       |       |     2 |    26 ||    28
Invok: Receive Corpses   |       |       |     1 |     7 |     4 ||    12
Evoke: Wand              |       |       |       |    14 |    21 ||    35
  Use: Scroll            |       |     3 |     3 |    21 |    12 ||    39
       Potion            |       |       |     5 |     4 |       ||     9
 Stab: Sleeping          |       |       |     4 |     3 |     2 ||     9
       Fleeing           |       |       |     1 |     1 |       ||     2
       Distracted        |       |       |     1 |     2 |     3 ||     6
  Eat: Chunk             |     3 |     9 |    17 |    16 |    12 ||    57
       Royal jelly       |       |       |     2 |       |       ||     2
       Beef jerky        |       |       |     1 |     1 |     1 ||     3
       Meat ration       |       |       |     1 |     3 |     2 ||     6
       Pizza             |       |       |     1 |     3 |     2 ||     6
       Bread ration      |       |       |     1 |     2 |     1 ||     4
       Fruit             |       |       |       |     1 |     8 ||     9
